 Dungeon Crawl Stone Soup version 0.31-a0-162-gc4c5a43528 (webtiles) character file.

Game seed: 6088052571961690303

120 qw the Shooter (level 5, 0/49 HPs)
             Began as a Naga Hunter on June 12, 2023.
             Slain by Grinder (9 damage)
             ... while paralysed by Grinder
             ... on level 3 of the Dungeon.
             The game lasted 00:00:44 (1966 turns).

qw the Shooter (Naga Hunter)                        Turns: 1966, Time: 00:00:45

Health: 0/49       AC:  3    Str: 13    XL:     5   Next: 4%
Magic:  5/5        EV:  1    Int:  9    God:
Gold:   298        SH:  0    Dex: 17    Spells: 4/4 levels left

rFire   . . .        Y - +1 shortbow
rCold   . . .        (shield currently unavailable)
rNeg    + . .        c - +0 leather armour
rPois   +            (no helmet)
rElec   .            (no cloak)
rCorr   .            (no gloves)
SInv    +            (no barding)
Will    .....        (no amulet)
Stlth   ++           a - ring of positive energy
HPRegen 0.28/turn    (no ring)
MPRegen 0.09/turn

%: no passive effects
@: paralysed, very slow
A: AC +1, large, see invisible, deformed body, poison resistance, slowness 2,
spit poison 1, naga tail 1
a: Spit Poison


You were on level 3 of the Dungeon.
You visited 1 branch of the dungeon, and saw 3 of its levels.

You collected 902 gold pieces.
You spent 604 gold pieces at shops.


Innate Abilities, Weirdness & Mutations

Your serpentine skin is tough. (AC +1)
You have supernaturally acute eyesight. (SInv)
Armour fits poorly on your strangely shaped body.
Your system is resistant to poisons. (rPois)
You cover ground very slowly.
You can spit poison.
You have a snake-like lower body.


   Skills:
 - Level 3.3 Fighting
 + Level 5.0 Ranged Weapons
 - Level 1.5 Dodging
 - Level 1.5 Stealth


You had 4 spell levels left.
You didn't know any spells.
Your spell library was empty.

Inventory:

Hand Weapons
 Y - a +1 shortbow (weapon)
Armour
 c - a +0 leather armour (worn)
Jewellery
 a - a ring of positive energy (left hand)
Scrolls
 b - 3 scrolls of teleportation
 e - 2 scrolls of identify
 k - a scroll of noise {unknown}
 l - a scroll of amnesia {unknown}
Potions
 d - a potion of berserk rage {unknown}
 f - 4 potions of might
 g - 2 potions of haste
 h - 7 potions of curing
 i - a potion of cancellation {unknown}
 j - 2 potions of resistance
 m - a potion of lignification {unknown}

Dungeon Overview and Level Annotations

Branches:
Dungeon (3/15)

Altars:
Elyvilon
Fedhas

Shops:
D:3 !*!(

Annotations:
D:3 Grinder


Message History

You shoot an arrow.
The arrow hits Grinder but does no damage.
Grinder is lightly wounded.
You have got your breath back.
Grinder gestures at you. You resist with some effort.
The quokka bites you but does no damage.
Grinder hits you but does no damage.
1953 ||| INVOKING Spit Poison.
Aiming: Spit Poison (1% risk of failure)
Press: ? - help, Shift-Dir - straight line, f - quokka, p - Grinder The splash of poison hits the quokka!
You kill the quokka!
Grinder blinks!
You shoot an arrow. The arrow barely misses Grinder.
You shoot an arrow. The arrow closely misses Grinder.
You shoot an arrow. The arrow hits Grinder.
Grinder is lightly wounded.
Grinder blinks!
You shoot an arrow. The arrow closely misses Grinder.
You have got your breath back.
You shoot an arrow. The arrow hits Grinder.
Grinder is moderately wounded.
Grinder says, "Wait up."
Grinder gestures at you. Pain shoots through your body!
You shoot an arrow. The arrow hits Grinder.
Grinder is moderately wounded.
You shoot an arrow. The arrow hits Grinder.
Grinder is heavily wounded.
You shoot an arrow. The arrow hits Grinder.
Grinder is heavily wounded.
You shoot an arrow. The arrow closely misses Grinder.
Grinder gestures at you.
You suddenly lose the ability to move!
Grinder hits you. Grinder gestures at you. You resist with some effort.
Grinder hits you! x2
You die...

#..........#.#.# #.#..#.#
#..........#.#.#.#.#..#.#
...........#...#.#....#
#.........####.#.#
#..............#.#
#..........#####.# ##.
#..............#.###....
#.......................
######.........@%......
#.##......#5......
#.##......#....... #
#.##......#.....\. #
#.##[.....#....... #
#.##......#....... #
###########....... #
####### #


You could see Grinder.

Vanquished Creatures
  Natasha (D:3)
  2 adders (D:2)
  2 worms
  3 dart slugs (D:1)
  7 ball pythons
  7 endoplasms
  4 giant cockroaches
  4 goblins
  6 hobgoblins
  3 quokkas
  10 bats
  4 frilled lizards
  5 kobolds (D:1)
  5 rats
63 creatures vanquished.

Notes
Turn   | Place    | Note
-------+----------+-------------------------------------------
     0 | D:1      | qw the Naga Hunter began the quest for the Orb.
     0 | D:1      | Reached XP level 1. HP: 19/19 MP: 1/1
     0 | D:1      | 0 ||| qw: Version: 0.2-a-29-gc1b59c4
     0 | D:1      | 0 ||| qw: Game counter: 4310
     0 | D:1      | 0 ||| qw: Always use a shield: true
     0 | D:1      | 0 ||| qw: God list: Okawaru
     0 | D:1      | 0 ||| qw: Allow faded altars: false
     0 | D:1      | 0 ||| qw: Do Orc after D:15 true
     0 | D:1      | 0 ||| qw: Do second Lair branch before Depths: true
     0 | D:1      | 0 ||| qw: Lair rune preference: random
     0 | D:1      | 0 ||| qw: Plans: Normal
     0 | D:1      | 0 ||| PLANNING D:1-11
     4 | D:1      | 4 ||| INVOKING Spit Poison.
     7 | D:1      | 7 ||| INVOKING Spit Poison.
    35 | D:1      | 35 ||| INVOKING Spit Poison.
    47 | D:1      | 47 ||| INVOKING Spit Poison.
    50 | D:1      | 50 ||| INVOKING Spit Poison.
    52 | D:1      | Reached skill level 4 in Ranged Weapons
    52 | D:1      | Reached XP level 2. HP: 26/26 MP: 2/2
    68 | D:1      | 68 ||| Stepping ~*~*~tactically~*~*~ (outnumbered).
    71 | D:1      | 71 ||| INVOKING Spit Poison.
   105 | D:1      | 105 ||| INVOKING Spit Poison.
   116 | D:1      | 116 ||| INVOKING Spit Poison.
   185 | D:1      | 185 ||| INVOKING Spit Poison.
   188 | D:1      | 188 ||| INVOKING Spit Poison.
   199 | D:1      | 199 ||| INVOKING Spit Poison.
   244 | D:1      | 244 ||| INVOKING Spit Poison.
   301 | D:1      | Reached XP level 3. HP: 23/32 MP: 3/3
   361 | D:1      | 361 ||| INVOKING Spit Poison.
   381 | D:1      | 381 ||| INVOKING Spit Poison.
   402 | D:1      | 402 ||| INVOKING Spit Poison.
   513 | D:1      | 513 ||| INVOKING Spit Poison.
   562 | D:1      | 562 ||| INVOKING Spit Poison.
   591 | D:1      | 591 ||| INVOKING Spit Poison.
   600 | D:1      | 600 ||| INVOKING Spit Poison.
   713 | D:1      | 713 ||| READING scroll labelled HUTZUHI TOOW.
   716 | D:1      | 716 ||| READING scroll labelled GYGY YR ZAAPP.
   717 | D:1      | 717 ||| READING scroll labelled USOWEG NOCLO.
   717 | D:1      | Identified a scroll of acquirement
   717 | D:1      | 717 ||| ACQUIRING ring of positive energy
   717 | D:1      | Acquired a ring of positive energy
   719 | D:1      | 719 ||| UPGRADING to ring of positive energy.
   720 | D:1      | 720 ||| READING scroll labelled ZEYTUY CEGOA.
   821 | D:1      | 821 ||| DRINKING 2 lumpy ruby potions.
   822 | D:1      | 822 ||| DROPPING scroll of butterflies.
   855 | D:2      | 855 ||| INVOKING Spit Poison.
   858 | D:2      | 858 ||| INVOKING Spit Poison.
   955 | D:2      | 955 ||| INVOKING Spit Poison.
   958 | D:2      | 958 ||| INVOKING Spit Poison.
  1012 | D:2      | 1012 ||| INVOKING Spit Poison.
  1016 | D:2      | 1016 ||| INVOKING Spit Poison.
  1020 | D:2      | Reached skill level 5 in Ranged Weapons
  1021 | D:2      | Reached XP level 4. HP: 26/39 MP: 4/4
  1144 | D:2      | 1144 ||| INVOKING Spit Poison.
  1236 | D:2      | 1236 ||| INVOKING Spit Poison.
  1241 | D:2      | 1241 ||| INVOKING Spit Poison.
  1295 | D:2      | 1295 ||| INVOKING Spit Poison.
  1305 | D:2      | 1305 ||| INVOKING Spit Poison.
  1312 | D:2      | Found a blossoming altar of Fedhas.
  1392 | D:2      | 1392 ||| INVOKING Spit Poison.
  1503 | D:2      | 1503 ||| READING scroll labelled HORGHU KOPTI.
  1504 | D:2      | 1504 ||| READING scroll labelled TIGEAD TOFAMO.
  1550 | D:3      | 1550 ||| INVOKING Spit Poison.
  1557 | D:3      | 1557 ||| INVOKING Spit Poison.
  1563 | D:3      | Found Zibruhah's General Store.
  1566 | D:3      | 1566 ||| BUYING potion of might (56 gold).
  1566 | D:3      | Bought a potion of might for 56 gold pieces
  1566 | D:3      | 1566 ||| BUYING scroll of identify (28 gold).
  1566 | D:3      | Bought a scroll of identify for 28 gold pieces
  1574 | D:3      | 1574 ||| READING scroll of acquirement.
  1574 | D:3      | 1574 ||| ACQUIRING 775 gold pieces
  1574 | D:3      | Acquired 775 gold pieces
  1599 | D:3      | Found Xiuxo's Distillery.
  1603 | D:3      | 1603 ||| BUYING potion of curing (30 gold).
  1603 | D:3      | Bought a potion of curing for 30 gold pieces
  1603 | D:3      | 1603 ||| BUYING potion of curing (30 gold).
  1603 | D:3      | Bought a potion of curing for 30 gold pieces
  1603 | D:3      | 1603 ||| BUYING potion of curing (30 gold).
  1603 | D:3      | Bought a potion of curing for 30 gold pieces
  1603 | D:3      | 1603 ||| BUYING potion of curing (30 gold).
  1603 | D:3      | Bought a potion of curing for 30 gold pieces
  1603 | D:3      | 1603 ||| BUYING potion of haste (100 gold).
  1603 | D:3      | Bought a potion of haste for 100 gold pieces
  1603 | D:3      | 1603 ||| BUYING potion of might (40 gold).
  1603 | D:3      | Bought a potion of might for 40 gold pieces
  1662 | D:3      | Found a white marble altar of Elyvilon.
  1664 | D:3      | 1664 ||| INVOKING Spit Poison.
  1693 | D:3      | Noticed Natasha
  1694 | D:3      | 1694 ||| Stepping ~*~*~tactically~*~*~ (outnumbered).
  1695 | D:3      | 1695 ||| INVOKING Spit Poison.
  1701 | D:3      | 1701 ||| INVOKING Spit Poison.
  1704 | D:3      | Killed Natasha
  1705 | D:3      | Reached skill level 3 in Fighting
  1710 | D:3      | Reached XP level 5. HP: 25/49 MP: 5/5
  1902 | D:3      | Found Vonecudd's Distillery.
  1907 | D:3      | 1907 ||| BUYING potion of curing (39 gold).
  1907 | D:3      | Bought a potion of curing for 39 gold pieces
  1907 | D:3      | 1907 ||| BUYING potion of curing (39 gold).
  1907 | D:3      | Bought a potion of curing for 39 gold pieces
  1907 | D:3      | 1907 ||| BUYING potion of haste (130 gold).
  1907 | D:3      | Bought a potion of haste for 130 gold pieces
  1907 | D:3      | 1907 ||| BUYING potion of might (52 gold).
  1907 | D:3      | Bought a potion of might for 52 gold pieces
  1934 | D:3      | Found Wubechon's Weapon Shop.
  1935 | D:3      | Noticed Grinder
  1936 | D:3      | 1936 ||| Stepping ~*~*~tactically~*~*~ (outnumbered).
  1938 | D:3      | 1938 ||| INVOKING Spit Poison.
  1942 | D:3      | 1942 ||| INVOKING Spit Poison.
  1944 | D:3      | Paralysed by Grinder for 3 turns
  1947 | D:3      | 1947 ||| INVOKING Spit Poison.
  1953 | D:3      | 1953 ||| INVOKING Spit Poison.
  1962 | D:3      | Paralysed by Grinder for 5 turns
  1965 | D:3      | HP: 8/49 [Grinder (9)]
  1966 | D:3      | Slain by Grinder

Levels and vault maps discovered:
D:1:      dpeg_arrival_pits, layout_loops_ring
D:2:      layout_loops_ring, basic_altar, st_stairs_5
D:3:      layout_basic, lemuel_tele_altar, serial_shops,
          nicolae_shop_back_alley_shop, shop, nicolae_shop_tiny_real_fake_doors,
          nicolae_shop_rolling_square, nicolae_shop_competitors_out_of_business,
          uniq_crazy_yiuf_cottage, uniq_grinder, uniq_natasha

Skill      XL: |  1  2  3  4 |
---------------+-------------+-----
Ranged Weapons | 4 5 |  5.0
Fighting       | 3 |  3.3
Dodging        | |  1.5
Stealth        | |  1.5

Action                     |  1- 3 |  4- 6 || total
---------------------------+-------+-------++-------
   Fire: Shortbow          |    53 |    56 ||   109
Ability: Spit Poison       |    25 |    15 ||    40
    Use: Scroll            |     4 |     3 ||     7
         Potion            |     1 |       ||     1
 Armour: Leather armour    |     4 |    12 ||    16
  Dodge: Dodged            |    12 |    10 ||    22

Table legend:
 A = Non-vault XP
 B = Vault XP
 C = Vault XP percentage of total XP
 D = Non-vault monster count
 E = Vault monster count
 F = Vault count percentage of total count
                 A         B        C        D         E       F
            +---------+---------+-------+---------+---------+-------
      Total |     134 |      38 |  22.1 |      60 |       3 |   4.8
            +---------+---------+-------+---------+---------+-------
        D:1 |      55 |       0 |   0.0 |      28 |       0 |   0.0
        D:2 |      55 |       3 |   5.2 |      19 |       2 |   9.5
        D:3 |      24 |      35 |  59.3 |      13 |       1 |   7.1
            +---------+---------+-------+---------+---------+-------
